 Dungeon Crawl Stone Soup version 0.31-a0-819-gf6de2f5ab6 (webtiles) character file.

Game seed: 11279730072921382997

651 Kurtz the Chopper (level 7, 0/47 HPs)
             Began as an Octopode Fighter on Sept 24, 2023.
             Was a Follower of Okawaru.
             Slain by a gnoll
             ... wielding a +0 halberd
             ... led by a gnoll sergeant
              (12 damage)
             ... on level 6 of the Dungeon.
             The game lasted 00:05:44 (4392 turns).

Kurtz the Chopper (Octopode Fighter)                Turns: 4392, Time: 00:05:45

Health: 0/47       AC:  5    Str: 21    XL:     7   Next: 53%
Magic:  8/8        EV: 13    Int: 16    God:    Okawaru [*.....]
Gold:   303        SH:  9    Dex: 11    Spells: 6/6 levels left

rFire   . . .        z - +5 hammer "Quloemi" {spect, rPois rC+ Str+3 Int+6}
rCold   + . .        b - +0 buckler
rNeg    . . .        (helmet restricted)
rPois   +            q - amulet of reflection
rElec   .            p - +4 ring of protection
rCorr   .            (no ring)
SInv    .            (no ring)
Will    .....        (no ring)
Stlth   ++           (no ring)
HPRegen 0.27/turn    (no ring)
MPRegen 0.11/turn    (no ring)
                     (no ring)

%: reflection
@: no status effects
A: almost no armour, amphibious, 8 rings, camouflage 1, gelatinous body 1,
(nimble swimmer 1), tentacles
a: Renounce Religion, Heroism


You were on level 6 of the Dungeon.
You worshipped Okawaru.
Okawaru was aware of your devotion.
You visited 1 branch of the dungeon, and saw 6 of its levels.

You collected 303 gold pieces.

Inventory:

Hand Weapons
 a - a +0 war axe
 m - a +1 heavy war axe
 z - the +5 hammer "Quloemi" (weapon) {spect, rPois rC+ Str+3 Int+6}
   (You found it on level 5 of the Dungeon)

   Str+3:     It affects your strength (+3).
   Int+6:     It affects your intelligence (+6).
   rC+:       It protects you from cold.
   rPois:     It protects you from poison
Missiles
 n - a throwing net
 t - 2 boomerangs
 B - 2 curare-tipped darts
Armour
 b - a +0 buckler (worn)
Jewellery
 p - a +4 ring of protection (left tentacle)
 q - an amulet of reflection (around mantle)
Wands
 y - a wand of mindburst (15)
 A - a wand of digging (5)
Scrolls
 d - 8 scrolls of teleportation {unknown}
 f - 2 scrolls of immolation {unknown}
 g - 2 scrolls of identify {unknown}
 i - a scroll of noise {unknown}
 k - 2 scrolls of enchant weapon {unknown}
 l - a scroll of enchant armour {unknown}
 o - a scroll of blinking {unknown}
 r - a scroll of torment {unknown}
 v - 2 scrolls of vulnerability {unknown}
Potions
 c - 2 potions of might
 e - 2 potions of heal wounds {unknown}
 h - a potion of resistance {unknown}
 j - a potion of attraction {unknown}
 s - 2 potions of invisibility {unknown}
 u - a potion of haste {unknown}
 w - a potion of enlightenment {unknown}
 x - a potion of magic {unknown}
 C - a potion of curing {unknown}


   Skills:
 * Level 3.8 Fighting
 * Level 6.8 Axes
 * Level 3.7 Dodging
 * Level 3.6 Shields
 * Level 1.8 Invocations


You had 6 spell levels left.
You didn't know any spells.
Your spell library contained the following spells:

 Spells                   Type           Power      Damage    Failure   Level
 Sandblast                Erth           0%         2d4       30%         1
 Passwall                 Tmut/Erth      0%         N/A       43%         2
 Poisonous Vapours        Pois/Air       0%         N/A       43%         2
 Dazzling Flash           Conj/Hex       0%         N/A       67%         3
 Mephitic Cloud           Conj/Pois/Air  0%         N/A       67%         3
 Stone Arrow              Conj/Erth      0%         3d7       67%         3
 Brom's Barrelling Bould  Conj/Erth      0%         2d3       97%         4
 Agony                    Necr           0%         N/A       100%        5
 Freezing Cloud           Conj/Ice/Air   0%         6-21      100%        5
 Silence                  Hex/Air        0%         N/A       100%        5
 Shatter                  Erth           0%         3d5*      100%        9
 Animate Armour           Summ/Erth      Unusable   N/A       N/A         4
 Summon Ice Beast         Ice/Summ       Unusable   N/A       N/A         4

Dungeon Overview and Level Annotations

Branches:
Dungeon (6/15)             Temple (0/1) D:6

Altars:
Ashenzari
Kikubaaqudgha
Nemelex Xobeh
Okawaru
Sif Muna
Yredelemnul

Shops:
D:1 (   D:2 (   D:5 (

Annotations:
D:5 1 runed translucent door, Crazy Yiuf, Grinder


Innate Abilities, Weirdness & Mutations

You cannot wear most types of armour.
You are amphibious.
You can wear up to eight rings at the same time.
Your skin changes colour to match your surroundings (Stealth+).
Your rubbery body absorbs attacks. (AC +1, EV +1)
((You are camouflaged when in or above water. (Stealth+)))
You have tentacles for arms and can constrict up to eight enemies at once.


Message History

The gnoll attacks as it pursues you! The gnoll hits you with a +0 whip.
You sock the gnoll! You grab the gnoll. You squeeze the gnoll.
You kill the gnoll!
Okawaru accepts your kill.
The gnoll sergeant hits you from afar with a +0 trident!
The gnoll sergeant hits you with a +0 trident.
You see here a +0 whip.
Unknown command.
You hit the gnoll sergeant. You grab the gnoll sergeant.
You squeeze the gnoll sergeant.
The gnoll sergeant is lightly wounded.
Your +5 hammer "Quloemi" {spect, rPois rC+ Str+3 Int+6} hits the gnoll sergeant but does no damage.
You constrict the gnoll sergeant.
The gnoll sergeant hits you with a +0 trident!
You sock the gnoll sergeant!
You squeeze the gnoll sergeant, but do no damage.
The gnoll sergeant is severely wounded.
Your +5 hammer "Quloemi" {spect, rPois rC+ Str+3 Int+6} completely misses the gnoll sergeant.
You constrict the gnoll sergeant. The gnoll barely misses you.
The gnoll sergeant barely misses you. You block the gnoll's attack.
You hit the gnoll sergeant but do no damage.
You squeeze the gnoll sergeant.
You kill the gnoll sergeant!
Okawaru accepts your kill.
Your +5 hammer "Quloemi" {spect, rPois rC+ Str+3 Int+6} disappears.
The gnoll barely misses you. x2; You block the gnoll's attack.
Unknown command.
You hit the gnoll. Your grab misses the gnoll.
The gnoll is lightly wounded.
Your +5 hammer "Quloemi" {spect, rPois rC+ Str+3 Int+6} hits the gnoll!
You kill the gnoll!
Okawaru accepts your kill.
The gnoll hits you from afar with a +0 halberd!
* * * LOW HITPOINT WARNING * * *
The gnoll hits you from afar with a +0 halberd.
* * * LOW HITPOINT WARNING * * *
Your +5 hammer "Quloemi" {spect, rPois rC+ Str+3 Int+6} disappears.
The gnoll attacks as it pursues you!
The gnoll hits you from afar with a +0 halberd!
You die...

#.#.####..#.# #.#
#...# #..[.#####.#
##..##
#.<)..)....#
#...###.##########
##...........
#.##.#######
#.##...g...#
#.####..g..### #.#
##.#)@.<# ..#
#.#.###### #.#
#g#......# ##
#.######## #g# ♣#
#####g###♣...♣
#.......gg.>.♣
#......##♣g..♣
#......# ♣#


You could see 2 gnolls.

Vanquished Creatures
  An ogre (D:5)
  A phantom (D:6)
  A gnoll sergeant (D:6)
  2 orc priests
  A sleepcap (D:4)
  A gnoll bouda (D:6)
  2 hounds (D:6)
  An iguana (D:5)
  9 gnolls
  4 adders
  A shadow imp (D:6)
  2 ufetubi
  A worm (D:4)
  4 dart slugs
  10 orcs
  7 ball pythons
  3 bats
  8 endoplasms
  2 giant cockroaches
  10 goblins
  4 hobgoblins
  A quokka (D:4)
  5 frilled lizards
  4 kobolds
  7 rats
92 creatures vanquished.

Notes
Turn   | Place    | Note
-------+----------+-------------------------------------------
     0 | D:1      | Kurtz the Octopode Fighter began the quest for the Orb.
     0 | D:1      | Reached XP level 1. HP: 16/16 MP: 1/1
    50 | D:1      | Reached XP level 2. HP: 17/21 MP: 2/2
   406 | D:1      | Reached skill level 3 in Axes
   653 | D:1      | Found Cuwuleg's Weapon Boutique.
   661 | D:1      | Reached XP level 3. HP: 26/26 MP: 3/3
   904 | D:2      | Found a faded altar of an unknown god.
  1266 | D:2      | Found Pifump's Antique Weapon Emporium.
  1487 | D:2      | Reached skill level 4 in Axes
  1630 | D:3      | Reached XP level 4. HP: 31/31 MP: 4/4
  1957 | D:3      | Got a conspicuous book
  2146 | D:3      | Reached XP level 5. HP: 36/36 MP: 5/5
  2169 | D:3      | Found a faded altar of an unknown god.
  2169 | D:3      | Found a broken altar of Ashenzari.
  2177 | D:3      | Found a shimmering blue altar of Sif Muna.
  2179 | D:3      | Found a faded altar of an unknown god.
  2181 | D:3      | Found an iron altar of Okawaru.
  2223 | D:3      | Became a worshipper of Warmaster Okawaru
  2444 | D:4      | Reached skill level 5 in Axes
  2891 | D:4      | Found a basalt altar of Yredelemnul.
  2943 | D:4      | Found a sparkling altar of Nemelex Xobeh.
  3094 | D:4      | Reached XP level 6. HP: 34/42 MP: 6/6
  3361 | D:5      | Entered Level 5 of the Dungeon
  3366 | D:5      | Noticed Grinder
  3546 | D:5      | Found Dusesatoo's Antique Weapon Boutique.
  3608 | D:5      | Reached skill level 6 in Axes
  3608 | D:5      | Reached skill level 1 in Invocations
  3784 | D:5      | Identified the +5 hammer "Quloemi" {spect, rPois rC+ Str+3
                  | Int+6}
  3789 | D:5      | Found a runed translucent door.
  3790 | D:5      | Noticed Crazy Yiuf
  3974 | D:6      | Reached * piety under Okawaru
  4117 | D:6      | Reached XP level 7. HP: 46/46 MP: 6/8
  4243 | D:6      | Found an ancient bone altar of Kikubaaqudgha.
  4374 | D:6      | Found a staircase to the Ecumenical Temple.
  4392 | D:6      | Slain by a gnoll

Illustrated notes

Levels and vault maps discovered:
D:1:      dpeg_arrival_prison, layout_loops_corners, serial_shops, shop,
          minmay_misc_feat_plants
D:2:      layout_loops_ring, basic_ecumenical_altar, serial_shops, shop,
          serial_glass, glass_columns_b, glass_columns_c, feat_on_display,
          minmay_strange_pillars
D:3:      layout_loops_cross, chequers_temple_overflow_minitemple
D:4:      layout_basic, lemuel_tele_altar, nemelex_diamond_rough_becter,
          nicolae_elevator_lobby_plus
D:5:      layout_cave_pools, serial_shops, shop, minmay_ogre_servants,
          uniq_grinder, uniq_crazy_yiuf_cottage
D:6:      lemuel_ratsnest, layout_basic, kiku_gazebo_garden_becter,
          nicolae_overflow_hidden_temple, minmay_temple_entry_enclosed_plants,
          minmay_ruined_shrine

Skill      XL: |  1  2  3  4  5  6 |
---------------+-------------------+-----
Axes           | 3 4 5 6 |  6.8
Invocations    | 1 |  1.8
Fighting       | |  3.8
Dodging        | |  3.7
Shields        | |  3.6

Action                     |  1- 3 |  4- 6 |  7- 9 || total
---------------------------+-------+-------+-------++-------
  Melee: War axe           |    56 |    73 |       ||   129
         Constrict         |    13 |    15 |     5 ||    33
         Tentacles         |     8 |    12 |     6 ||    26
         Mace              |       |    11 |    13 ||    24
   Stab: Sleeping          |    10 |     5 |       ||    15
 Armour: Skin              |    28 |    41 |     9 ||    78
  Dodge: Dodged            |    27 |    48 |     6 ||    81
  Block: Buckler           |     3 |    24 |     3 ||    30

Table legend: (Time is in decaauts)
 A = Elapsed time spent in this place.
 B = Non-inter-level travel time spent in this place.
 C = Inter-level travel time spent in this place.
 D = Time resting spent in this place.
 E = Time spent auto-exploring this place.
 F = Levels seen in this place.
 G = Mean time per level.
                   A        B        C        D        E       F      G
               +--------+--------+--------+--------+--------+-----+--------+
         Total |   4484 |   4226 |    258 |    235 |   3317 |   6 |  747.3 |
       Dungeon |   4484 |   4226 |    258 |    235 |   3317 |   6 |  747.3 |
               +--------+--------+--------+--------+--------+-----+--------+

Top non-repeatable levels by time:
     D:4: 947 daAuts
     D:1: 900 daAuts
     D:3: 798 daAuts
     D:2: 784 daAuts
     D:5: 694 daAuts
     D:6: 359 daAuts
